 Dungeon Crawl Stone Soup version 0.30-b1-2-g02819fbbbe (webtiles) character file.

Game seed: 13907670886541831792

20 Alarkh the Sneak (level 2, -1/24 HPs)
             Began as a Demonspawn Delver on May 22, 2023.
             Slain by a human zombie (4 damage)
             ... in an ossuary.
             The game lasted 00:01:55 (361 turns).

Alarkh the Sneak (Demonspawn Delver)                 Turns: 361, Time: 00:01:56

Health: -1/24      AC:  3    Str: 12    XL:     2   Next: 58%
Magic:  2/2        EV: 13    Int: 11    God:
Gold:   40         SH:  0    Dex: 14    Spells: 1/1 levels left

rFire   . .          .
                       - Unarmed
rCold   . . .        (no shield)
rNeg    . . .        a - +0 leather armour
rPois   .            (no helmet)
rElec   .            (no cloak)
rCorr   .            (no gloves)
SInv    .            (no boots)
Will    .....        (no amulet)
Stlth   ++           (no ring)
HPRegen 0.24/turn    (no ring)
MPRegen 0.08/turn

%: no passive effects
@: marked, hasted, very quick
A: repulsion field 1
a: no special abilities


You were in an ossuary.
You visited 1 branch of the dungeon, and saw 3 of its levels.
You also visited: Ossuary.

You collected 40 gold pieces.

Inventory:

Armour
 a - a +0 leather armour (worn)
Wands
 f - a wand of digging (3)
Scrolls
 b - a scroll of fog
 c - a scroll of blinking {unknown}
 d - a scroll of fear


   Skills:
 - Level 3.0 Fighting
 - Level 1.7 Dodging
 - Level 4.5 Stealth
 + Level 2.9 Unarmed Combat


You had one spell level left.
You didn't know any spells.
Your spell library was empty.

Dungeon Overview and Level Annotations

Branches:
Dungeon (5/15)            Ossuary (1/1)
 Temple: D:4-7

Altars:


Innate Abilities, Weirdness & Mutations

You are surrounded by a mild repulsion field. (EV +2)


Message History

The human zombie hits you.
* * * LOW HITPOINT WARNING * * *
You hit the mummy but do no damage.
The mummy is almost destroyed.
You hit the mummy but do no damage.
The mummy is almost destroyed.
The human zombie misses you.
You barely miss the mummy.
The mummy is almost destroyed.
The mummy closely misses you.
You hit the mummy.
You destroy the mummy!
You have reached level 2!
Your demonic ancestry asserts itself...
You begin to radiate repulsive energy.
You hit the human zombie.
The human zombie is lightly damaged.
The human zombie hits you but does no damage.
You barely miss the human zombie.
The human zombie is lightly damaged.
The human zombie barely misses you.
You closely miss the human zombie.
The human zombie is lightly damaged.
You hit the human zombie.
The human zombie is lightly damaged.
A mummy comes into view.
The human zombie hits you but does no damage.
You hit the human zombie.
The human zombie is lightly damaged.
You barely miss the human zombie.
The human zombie is lightly damaged.
You hit the human zombie but do no damage.
The human zombie is lightly damaged.
The human zombie hits you but does no damage.
You hit the human zombie.
The human zombie is lightly damaged.
You barely miss the human zombie.
The human zombie is lightly damaged.
The human zombie hits you.
You die...

+...#.........#...'.#
#...+....⌠....'...###
'...#....^....#...+Z#
#.Z###.......###..###
'.## ##.....## ##.'.#
#.# ###'### #M### #.#
#.# ##.## .!! ##.##
#.Z?# !.? #.∩.# #@..#
### #.∩.# ##### #####


You could see a mummy and a human zombie.

Vanquished Creatures
  A mummy (Ossuary)
  A gnoll zombie (Ossuary)
  A hobgoblin (D:3)
  A ball python (D:3)
  A frilled lizard (D:3)
  A goblin zombie (Ossuary)
  A hobgoblin zombie (Ossuary)
7 creatures vanquished.

Notes
Turn   | Place    | Note
-------+----------+-------------------------------------------
     0 | D:5      | Alarkh the Demonspawn Delver began the quest for the Orb.
     0 | D:5      | Reached XP level 1. HP: 18/18 MP: 1/1
   105 | D:4      | Noticed an orc priest
   146 | D:4      | Found a sand-covered staircase.
   150 | Ossuary  | Entered an ossuary
   353 | Ossuary  | Gained mutation: You are surrounded by a mild repulsion
                  | field. (EV +2) [demonic ancestry]
   353 | Ossuary  | Reached XP level 2. HP: 2/24 MP: 2/2
   361 | Ossuary  | Slain by a human zombie

Illustrated notes

Levels and vault maps discovered:
D:3:      layout_basic, mainiacjoe_overflow_big_doors, kennysheep_small_spiral
D:4:      layout_loops_cross, nicolae_ossuary_entry_plus,
          ebering_ghost_reflecting_pool
D:5:      layout_gridville, serial_demonic, serial_demonic_c, serial_demonic_e,
          serial_demonic_c, serial_demonic_e, uniq_menkaure
Ossuary:  ossuary_crypta

Skill      XL: |  1 |
---------------+----+-----
Unarmed Combat | 2 |  2.9
Fighting       | |  3.0
Dodging        | |  1.7
Stealth        | |  4.5

Action                     || total
---------------------------++-------
  Melee: Unarmed           ||    54
    Use: Potion            ||     4
         Scroll            ||     2
   Stab: Sleeping          ||     1
 Armour: Leather armour    ||    11
  Dodge: Dodged            ||    18
